 Dungeon Crawl Stone Soup version 0.27-a0-887-gcab673c142 (webtiles) character file.

Game seed: 8903958885249481473

32 cityswimmer the Bolt Thrower (level 3, -3/21 HPs)
             Began as a Kobold Hunter on Apr 4, 2021.
             Slain by a gnoll
             ... wielding a +0 flail
              (7 damage)
             ... on level 2 of the Dungeon.
             The game lasted 00:08:56 (1855 turns).

cityswimmer the Bolt Thrower (Kobold Hunter)        Turns: 1855, Time: 00:08:56

Health: -3/21      AC:  4    Str:  9    XL:     3   Next: 45%
Magic:  3/3        EV: 15    Int: 12    God:
Gold:   69         SH:  0    Dex: 16    Spells: 2/2 levels left

rFire    . . .     SeeInvis .   a - +1 hand crossbow
rCold    . . .     Faith    .   (shield restricted)
rNeg     . . .     Spirit   .   c - +0 leather armour
rPois    .         Reflect  .   e - +0 helmet
rElec    .         Harm     .   (no cloak)
rCorr    .         Rampage  .   (no gloves)
Will     +....                  (no boots)
Stlth    +++.......             h - amulet of the acrobat
HPRegen  0.07/turn              f - ring of willpower
MPRegen  0.08/turn              (no ring)

@: about to teleport
A: small, no large weapons, nightstalker 3, sense surroundings 1, sturdy frame 1
a: no special abilities


You were on level 2 of the Dungeon.
You visited 1 branch of the dungeon, and saw 2 of its levels.

You collected 69 gold pieces.

Inventory:

Hand Weapons
 a - a +1 hand crossbow (weapon)
 b - a +0 short sword
Missiles
 d - 6 bolts (quivered ammo)
Armour
 c - a +0 leather armour (worn)
 e - a +0 helmet (worn)
Jewellery
 f - a ring of willpower (left hand)
 h - an amulet of the acrobat (around neck)


   Skills:
 + Level 2.2 Fighting
 + Level 5.9 Crossbows
 + Level 0.1 Armour
 + Level 2.5 Dodging
 + Level 1.5 Stealth


You had 2 spell levels left.
You didn't know any spells.
Your spell library was empty.

Dungeon Overview and Level Annotations

Branches:
Dungeon (2/15)

Altars:


Innate Abilities, Weirdness & Mutations

You are small and have problems with some larger weapons.
You are completely attuned to the shadows.
You passively map a small area around you.
Your movements are slightly less encumbered by armour. (ER -2)


Message History

The gnoll closely misses you.
Fire: 11 bolts
Press: ? - help, Q - select action Shift-Dir - straight line, f/p - gnoll
Aim: a gnoll, wielding a +0 spear (almost dead, 70% to hit)
You shoot a bolt. The bolt hits the gnoll.
You kill the gnoll!
You start resting.
HP restored.
A gnoll comes into view. It is wielding a +0 whip.
Things that are here:
a +0 spear; 3 bolts; a gnoll corpse 2 gnolls come into view.
The gnoll shouts! x2
You see here a bolt.
Fire: 10 bolts
Press: ? - help, Q - select action Shift-Dir - straight line, f - gnoll
Aim: a gnoll, wielding a +0 flail (70% to hit)
You shoot a bolt. The bolt hits the gnoll.
The gnoll is lightly wounded.
Fire: 9 bolts
Press: ? - help, Q - select action Shift-Dir - straight line, f/p - gnoll
Aim: a gnoll, wielding a +0 flail (lightly wounded, 70% to hit)
You shoot a bolt. The bolt completely misses the gnoll.
The bolt barely misses the gnoll.
Fire: 8 bolts
Press: ? - help, Q - select action Shift-Dir - straight line, f/p - gnoll
Aim: a gnoll, wielding a +0 flail (lightly wounded, 70% to hit)
You shoot a bolt. The bolt closely misses the gnoll.
The bolt hits the gnoll.
The gnoll is heavily wounded.
The gnoll completely misses you. The gnoll hits you with a +0 whip.
Fire: 7 bolts
Press: ? - help, Q - select action Shift-Dir - straight line, f/p - gnoll
Aim: a gnoll, wielding a +0 flail (heavily wounded, 70% to hit)
You shoot a bolt. The bolt barely misses the gnoll.
The gnoll misses you. The gnoll hits you with a +0 flail!
The gnoll hits you with a +0 whip.
* * * LOW HITPOINT WARNING * * *
As you read the scroll of teleportation, it crumbles to dust.
You feel strangely unstable. The gnoll hits you with a +0 flail!
You die...

, #.# #.#.#... ,
....*#.# #...#.## *,
, .....##.# *#....##
......##.# ##..####
,......##.####.....##
,
............#.#.#.#*
........###'#.......
##..)........##..##
#@g.........+ ..#
#gg.........#
#(....####### #.....#
, #(....#* ** ** , *
, , , , , , , * , *


You could see 3 gnolls.

Vanquished Creatures
  A gnoll (D:2)
  A dart slug (D:1)
  3 endoplasms (D:1)
  2 giant cockroaches (D:1)
  2 goblins (D:1)
  2 kobolds (D:1)
  2 quokkas (D:1)
  3 ball pythons (D:1)
  A frilled lizard (D:1)
  3 rats (D:1)
20 creatures vanquished.

Notes
Turn   | Place    | Note
-------+----------+-------------------------------------------
     0 | D:1      | cityswimmer the Kobold Hunter began the quest for the Orb.
     0 | D:1      | Reached XP level 1. HP: 12/12 MP: 1/1
    59 | D:1      | Reached skill level 5 in Crossbows
   137 | D:1      | Reached XP level 2. HP: 17/17 MP: 2/2
   917 | D:1      | Reached XP level 3. HP: 21/21 MP: 3/3
  1546 | D:2      | Gained mutation: You passively map a small area around you.
                  | [potion of mutation]
  1546 | D:2      | Gained mutation: Your movements are slightly less
                  | encumbered by armour. (ER -2) [potion of mutation]
  1855 | D:2      | Slain by a gnoll

Illustrated notes

Levels and vault maps discovered:
D:1:      lightli_arrival_isolated_outpost, layout_basic
D:2:      layout_basic

Skill      XL: |  1 |
---------------+----+-----
Crossbows      | 5 |  5.9
Fighting       | |  2.2
Armour         | |  0.1
Dodging        | |  2.5
Stealth        | |  1.5

Action                   || total
-------------------------++-------
 Fire: Hand crossbow     ||    46
  Use: Potion            ||     5
       Scroll            ||     4
Armor: Leather armour    ||     2
Dodge: Dodged            ||    10

Table legend: (Time is in decaauts)
 A = Elapsed time spent in this place.
 B = Non-inter-level travel time spent in this place.
 C = Inter-level travel time spent in this place.
 D = Time resting spent in this place.
 E = Time spent auto-exploring this place.
 F = Levels seen in this place.
 G = Mean time per level.
                   A        B        C        D        E       F      G
               +--------+--------+--------+--------+--------+-----+--------+
         Total |   1878 |   1878 |      0 |    552 |    789 |   2 |  939.0 |
       Dungeon |   1878 |   1878 |      0 |    552 |    789 |   2 |  939.0 |
               +--------+--------+--------+--------+--------+-----+--------+

Top non-repeatable levels by time:
     D:1: 1551 daAuts
     D:2: 326 daAuts
